 Dungeon Crawl Stone Soup version 0.15.0-12-gccce430 (webtiles) character file.

137 Kejsarherre the Chucker (level 5, 0/54 HPs)
             Began as an Ogre Hunter on Sept 2, 2014.
             Was a Follower of Okawaru.
             Succumbed to an adder's poison
             ... on Level 3 of the Dungeon.
             The game lasted 00:04:45 (1901 turns).

Kejsarherre the Chucker (Ogre Hunter)               Turns: 1901, Time: 00:04:46

HP   0/54        AC  3     Str 18      XL: 5   Next: 20%
MP   5/5         EV 10     Int 10      God: Okawaru [*.....]
Gold 31          SH  0     Dex 10      Spells:  0 memorised,  4 levels left

rFire  . . .     SeeInvis .     h - +0 mace (holy)
rCold  . . .     Clarity  .     d - +0 animal skin
rNeg   . . .     rCorr    .     (shield restricted)
rPois  .         rRot     .     (helmet restricted)
rElec  .         Spirit   .     (no cloak)
SustAb .         Warding  .     (gloves unavailable)
rMut   .         Stasis   .     (boots unavailable)
Gourm  .                        e - amulet of faith
MR     .....                    (no ring)
                                (no ring)

@: lethally poisoned, invisible, not resistant to hostile enchantments, very
unstealthy
A: unfitting armour, tough skin 1
a: Heroism, Renounce Religion


You were on level 3 of the Dungeon.
You worshipped Okawaru.
Okawaru was aware of your devotion.
You were hungry.

You visited 1 branch of the dungeon, and saw 3 of its levels.

You collected 31 gold pieces.

Inventory:

Hand weapons
 h - a +0 mace of holy wrath (weapon)
Missiles
 b - 4 large rocks (quivered)
 c - 2 throwing nets
Armour
 d - a +0 animal skin (worn)
Comestibles
 f - 2 meat rations
 k - 2 bread rations
 q - a slice of pizza
 u - a royal jelly
 v - a rotting chunk of human flesh
Scrolls
 a - a scroll of random uselessness {unknown}
 i - a scroll of recharging {unknown}
 j - a scroll of enchant weapon {unknown}
 m - a scroll of identify {unknown}
 n - 2 scrolls of remove curse {unknown}
 o - a scroll of teleportation {unknown}
Jewellery
 e - an amulet of faith (around neck)
 s - an uncursed amulet of warding {unknown}
Potions
 l - a potion of heal wounds {unknown}
 p - a potion of restore abilities {unknown}
 r - a potion of lignification {unknown}
 t - a potion of curing {unknown}


   Skills:
 + Level 4.2 Fighting
 * Level 3.8 Maces & Flails
 + Level 5.4 Throwing
 - Level 1.7 Dodging
 - Level 0.7 Stealth


You had 4 spell levels left.
You didn't know any spells.

Dungeon Overview and Level Annotations

Branches:
Dungeon (3/15)

Altars:
Cheibriados
Okawaru

Annotations:
D:3 Grinder


Innate Abilities, Weirdness & Mutations

You are too large for most types of armour.
You have tough skin (AC +1).


Message History

The adder is almost dead.
* * * LOW HITPOINT WARNING * * *
You feel sick. The adder bites you.
* * * LOW HITPOINT WARNING * * *
The giant cockroach barely misses you. The adder bites you.
* * * LOW HITPOINT WARNING * * *
Throwing (i - inventory. (,) - cycle):
b - 5 large rocks (quivered)
Press: ? - help, Shift-Dir - straight line, f - adder
Aim: an adder (almost dead)
You throw a large rock.
The large rock completely misses the adder.
* * * LOW HITPOINT WARNING * * *
You feel sick. The giant cockroach closely misses you. The adder bites you.
* * * LOW HITPOINT WARNING * * *
You are more poisoned.
The adder poisons you!
Drink which item? (? for menu, Esc to quit)
You fade into invisibility!
It was a potion of invisibility.
You die...

# #. ...
##.##..##.
#.........#
#.........#
#......(..#
#.........
.####.$%.S.#
#.......s@..#
#######$.(...#
.........######
#######......<#
.........######
....?....
#######.## ...
.##


You could see an adder and a giant cockroach.

Vanquished Creatures
  Ijyb (D:2)
  Jessica (D:2)
  3 gnolls
  A giant mite (D:2)
  2 worms (D:2)
  4 giant geckos (D:2)
  2 oozes
  4 bats
  2 giant cockroaches
  4 goblins
  4 hobgoblins
  8 jackals
  A giant newt (D:2)
  6 kobolds
  9 rats
52 creatures vanquished.

Notes
Turn   | Place    | Note
--------------------------------------------------------------
     0 | D:1      | Kejsarherre, the Ogre Hunter, began the quest for the Orb.
     0 | D:1      | Reached XP level 1. HP: 22/22 MP: 1/1
    77 | D:1      | Found an iron altar of Okawaru.
    85 | D:1      | Became a worshipper of Warmaster Okawaru
   188 | D:1      | Reached XP level 2. HP: 10/29 MP: 2/2
   623 | D:1      | Reached skill level 5 in Throwing
   945 | D:2      | Reached XP level 3. HP: 31/37 MP: 3/3
  1012 | D:2      | Noticed Ijyb
  1023 | D:2      | Killed Ijyb
  1023 | D:2      | Reached XP level 4. HP: 7/46 MP: 4/4
  1468 | D:2      | Found a snail-covered altar of Cheibriados.
  1542 | D:2      | Noticed Jessica
  1544 | D:2      | Killed Jessica
  1544 | D:2      | Acquired Okawaru's first power
  1653 | D:2      | Reached XP level 5. HP: 42/54 MP: 5/5
  1833 | D:3      | Noticed Grinder
  1900 | D:3      | HP: 2/54 [adder (3)]
  1901 | D:3      | Succumbed to an adder's poison

Action                   |  1- 3 |  4- 6 || total
-------------------------+-------+-------++-------
Melee: Club              |    21 |       ||    21
       Mace              |    69 |   105 ||   174
Throw: Large rock        |     8 |     9 ||    17
  Use: Potion            |       |     1 ||     1
  Eat: Chunk             |       |     3 ||     3
